woodfighter, chaotic female orcish Cavewoman ------- |..{..| ------ |.....| ----....---- ##-.*....# #+..........| --------- # -------# #|..........| --------)------ #.........#### # #|..........| |........(....| ###|.......| # #---*....---- |...........%[| # #-........############`########--.--- |............%))%# ### #|...----- # # ######### |............I| # # #|>..| # # # # --)------------ ### # ###-----`################################# # # # # ###### # ## # # -.-.- ###-|---### # # # ##....| #-...-# # ## # |...| |...|# #---+-# |...| |.{.|# #...<|# ----- |....# |...|# ----- |..`| ----- woodfighter the Cave Woman Experience level: 11 Strength: 18/04 Dexterity: 18 Constitution: 18 Intelligence: 8 Wisdom: 6 Charisma: 12 Health: 0(102) Energy: 35(35) Def: 21 Gold: 0 Moves: 16543 Dungeon seed: ocKepBw1G5HVyzuM Game ID: woodfighter_1488314852 Your Inventory: Weapons a - a +1 club (weapon in hand) b - a +2 sling (alternate weapon; not wielded) Armor c - an uncursed +0 helmet (being worn) i - an uncursed +0 pair of speed boots (being worn) n - an uncursed +0 pair of leather gloves r - an uncursed +0 dwarvish cloak t - an uncursed +0 pair of water walking boots z - an uncursed +0 dwarvish cloak L - an uncursed +0 shield of reflection (being worn) N - an uncursed +0 pair of leather gloves (being worn) Q - an uncursed +0 pair of elven boots U - an uncursed +0 cloak of displacement (being worn) Y - an uncursed +0 dwarvish mithril-coat (being worn) Comestibles f - an uncursed banana g - 2 uncursed C-rations k - an uncursed cream pie p - 5 uncursed food rations K - 3 uncursed lichen corpses R - 2 uncursed tripe rations Z - 2 uncursed lizard corpses Rings G - an uncursed ring of shock resistance (on right hand) Wands j - a wand of lightning (0:4) m - a wand of magic missile (0:1) Tools q - a +0 unicorn horn s - a blessed bag of holding y - an uncursed skeleton key W - an uncursed towel X - an uncursed stethoscope Gems e - an uncursed luckstone u - 5 uncursed flints (in quiver) Contents of the bag of holding: 7828 gold pieces 5 [uncursed] [+0] spears an uncursed +0 mummy wrapping 2 [uncursed] C-rations a [uncursed] K-ration an uncursed eucalyptus leaf 6 uncursed food rations an uncursed lizard corpse a [blessed] scroll of blank paper a [uncursed] scroll of blank paper a [cursed] scroll of enchant weapon a [cursed] scroll of identify 2 [uncursed] scrolls of identify a [uncursed] scroll of remove curse a [cursed] scroll of remove curse 2 [uncursed] scrolls of teleportation a [uncursed] scroll of water a [uncursed] potion of blindness 2 [uncursed] potions of confusion a [blessed] potion of extra healing a [uncursed] potion of full healing a [uncursed] potion of gain ability a [uncursed] potion of gain energy a [uncursed] potion of hallucination a [cursed] potion of healing 2 [uncursed] potions of healing a potion of holy water a [cursed] potion of object detection a [uncursed] potion of sleeping a [cursed] potion of sleeping a [uncursed] potion of speed a [uncursed] potion of water an uncursed wand of lightning [0:5] a can of grease (0:10) an uncursed [+0] pick-axe a +0 unicorn horn Spells and supernatural/magical abilities: Name Level Category Fail Memory W - pray for help -- divine ? -- Your skills at the end: Miscellaneous Skills bare handed combat [Basic] shield [Skilled] stealth [Skilled] Weapon Skills scimitar [Basic] club [Expert] sling [Basic] Spellcasting Skills Final Attributes: You were piously aligned. You were cold resistant. You were shock resistant. You were poison resistant. Your writing hand was ok. You saw invisible. You were telepathic. You had infravision. You were invisible to others. You were displaced. You were stealthy. You were protected. You were very fast. You had reflection. You were lucky. You had extra luck. Bad luck did not time out for you. Good luck did not time out for you. You are dead. Vanquished creatures: 2 vampires a ghost 2 lieutenants a mind flayer 2 giant mimics an Elvenking a doppelganger 2 large mimics 3 stalkers 2 water elementals a black naga 5 sergeants a barbed devil 2 winter wolves a quantum mechanic 4 small mimics 2 glass piercers 2 xans an ettin mummy a troll a sasquatch 2 freezing spheres a flaming sphere a large cat a dwarf king a gelatinous cube an ochre jelly 4 leocrottas an elf mummy 8 Grey-elves an ettin zombie 32 soldiers a succubus 2 incubi 4 giant beetles 3 cockatrices a wolf 2 black lights 2 lynxes 49 leprechauns 8 lizards a mumak 9 giant spiders a scorpion a horse an ice vortex a forest centaur a gnome king an orc mummy 5 Green-elves 4 owlbears 2 yetis 2 gold golems 11 piranhas 5 chickatrices 2 dingos 2 housecats 2 jaguars 4 dwarf lords 3 water nymphs a white unicorn a gray unicorn a dust vortex 3 ravens 2 plains centaurs 2 gnome mummies a snake 3 apes 4 human zombies 6 soldier ants 5 yellow lights 3 wood nymphs 6 Mordor orcs an orc shaman 3 rock moles 2 rock piercers a pony 3 shriekers a violet fungus 20 gnome lords 5 gnomish wizards 7 kobold mummies 2 red naga hatchlings a guardian naga hatchling 2 gray oozes a barrow wight 6 elf zombies 2 ghouls 3 straw golems a paper golem 6 giant ants 9 floating eyes a kitten 21 dwarves 2 homunculi 2 kobold lords a kobold shaman 4 iguanas 5 hill orcs 2 rothes 2 rabid rats 5 centipedes 3 jitterbugs a monkey 2 orc zombies 3 dwarf zombies a wererat 3 werejackals 2 killer bees 3 gas spores 6 hobbits 4 acid blobs 4 geckos 12 giant rats 4 brown molds 2 yellow molds a green mold 52 gnomes 36 garter snakes 3 gnome zombies 21 jackals 2 foxes 4 kobolds 12 newts 5 goblins 8 sewer rats 10 grid bugs 5 bats 10 lichens 10 kobold zombies 609 creatures vanquished. Voluntary challenges: You did not cause conflict. You used a wielded weapon 1488 times, starting on turn 31. You did not use sinks. You read items or engraved 9 times, starting on turn 1827. You never genocided any monsters. You polymorphed 1 item, starting on turn 10814. You never changed form. You completed Sokoban on turn 4087, according to the rules. You used no wishes. You never split a pudding. You never wrote Elbereth's name. You violated your moral code, losing 2 points of alignment, starting on turn 7911. Dungeon overview: The Dungeons of Doom: levels 1 to 19 Level 1 an altar to Ishtar a long staircase Level 2 a general store, a fountain Level 3 ( ) a fountain Level 4 a fountain stairs to The Gnomish Mines Level 5 many fountains Level 6 (vault) stairs to Sokoban Level 7 (vault) Level 8 a jewelry store, some fountains Level 9 Level 10 (vault) some fountains Level 11 (quest) a magic portal Level 12 Level 13 a fountain Level 14 some fountains Level 15 (big room) Level 16 (rogue) Level 17 a sink Level 18 <- You were here some fountains Level 19 a fountain The Gnomish Mines: levels 5 to 12 Level 5 stairs to The Dungeons of Doom Level 6 Level 7 many shops, a temple to Anshar, a magic chest, some fountains Level 8 Level 9 Level 10 Level 11 Level 12 a magic chest, some fountains Sokoban: levels 2 to 5 Level 2 a magic chest Level 3 a sink Level 4 Level 5 an altar to Anshar, a magic chest stairs to The Dungeons of Doom History has recorded: On T:1 you entered the Dungeons of Doom to retrieve the Amulet of Yendor! On T:292 you reached level 2 of The Dungeons of Doom. On T:506 you advanced to experience level 2. On T:790 you advanced to experience level 3. On T:883 you reached level 3 of The Dungeons of Doom. On T:1032 you reached level 4 of The Dungeons of Doom. On T:1174 you advanced to experience level 4. On T:1271 you reached level 5 of The Dungeons of Doom. On T:1426 you reached level 6 of The Dungeons of Doom. On T:1535 you reached level 7 of The Dungeons of Doom. On T:1590 you reached level 4 of Sokoban. On T:1751 you advanced to experience level 5. On T:1825 you opened a magic chest. On T:2093 you advanced to experience level 6. On T:2231 you reached level 3 of Sokoban. On T:2824 you reached level 2 of Sokoban. On T:3285 you reached level 1 of Sokoban. On T:3647 you advanced to experience level 7. On T:4087 you advanced to experience level 8. On T:4087 you entered the Sokoban zoo. On T:4949 you reached level 1 of The Gnomish Mines. On T:5331 you reached level 2 of The Gnomish Mines. On T:5473 you reached level 3 of The Gnomish Mines. On T:6271 you entered the Minetown temple On T:6543 you reached level 4 of The Gnomish Mines. On T:6791 you reached level 5 of The Gnomish Mines. On T:6942 you advanced to experience level 9. On T:7143 you reached level 6 of The Gnomish Mines. On T:7442 you reached level 7 of The Gnomish Mines. On T:7801 you reached level 8 of The Gnomish Mines. On T:7801 you reached the bottom of the Mines. On T:7914 you prayed to Anshar. On T:9023 you advanced to experience level 10. On T:10129 you reached level 8 of The Dungeons of Doom. On T:10580 you reached level 9 of The Dungeons of Doom. On T:11584 you reached level 10 of The Dungeons of Doom. On T:12205 you reached level 11 of The Dungeons of Doom. On T:12385 you reached level 12 of The Dungeons of Doom. On T:13158 you reached level 13 of The Dungeons of Doom. On T:13199 you reached level 14 of The Dungeons of Doom. On T:14258 you advanced to experience level 11. On T:14456 you reached level 16 of The Dungeons of Doom. On T:14456 you entered the Rogue tribute level. On T:14571 you reached level 17 of The Dungeons of Doom. On T:14828 you reached level 15 of The Dungeons of Doom. On T:15824 you reached level 18 of The Dungeons of Doom. On T:16113 you reached level 19 of The Dungeons of Doom. Score breakdown: Gold: 7828 ( 782 points) Experience: 11 levels ( 1000 points) Exploration: 19 levels ( 540 points) Discoveries: 74 items ( 2000 points) Variety of kills: 130 monsters ( 2000 points) Major goal: Sokoban/Mines ( 1500 points) Survival: died (score multiplied by 3) Total score: 23466 Latest messages: There are many objects here. You hit the soldier! (2x) The soldier wields a spear! The soldier picks up a leather armor. You kill the soldier! The soldier wields a lance! The soldier picks up a single-edged polearm. You hit the soldier! (2x) The soldier picks up a single-edged polearm. The soldier wields a spear! The spear welds itself to the soldier's hand! You hit the soldier! You kill the soldier! The soldier picks up a ring mail. The soldier removes a ring mail and puts on a ring mail. You hit the soldier! (3x) The sergeant zaps a wand of sleep! The sleep ray whizzes by you! The sleep ray hits you! But it is disrupted by your shield! The soldier is caught in the sleeping gas! The sergeant is caught in the sleeping gas! Something stabs you! Something just misses! Something misses. (2x) Something stabs you! (9x) You die... Final status: Goodbye woodfighter the Cavewoman, killed by a soldier, while sleeping... You died in The Dungeons of Doom on dungeon level 18 with 23466 points, and 7828 pieces of gold, after 16543 moves. You were level 11 with a maximum of 102 hit points when you died.